 Dungeon Crawl Stone Soup version 0.30-a0-715-gdb4ae3ece1 (webtiles) character file.

Game seed: 14547818867861054419

11412 flotson the Trooper (level 11, -20/75 HPs)
             Began as a Demonspawn Delver on Jan 23, 2023.
             Was a Follower of Hepliaklqana.
             Demolished by a death knight
             ... wielding a +0 battleaxe
              (31 damage)
             ... on level 9 of the Dungeon.
             The game lasted 00:22:30 (10105 turns).

flotson the Trooper (Demonspawn Delver)            Turns: 10105, Time: 00:22:30

Health: -20/75     AC: 16    Str: 19    XL:     11   Next: 49%
Magic:  0/14       EV: 18    Int: 14    God:    Hepliaklqana [*.....]
Gold:   676        SH: 11    Dex: 16    Spells: 10/10 levels left

rFire   + . .      SeeInvis .    a - +0 morningstar (heavy)
rCold   x . .      Faith    .    J - +2 buckler
rNeg    . . .      Spirit   +    I - +3 ring mail
rPois   .          Reflect  .    M - +1 hat
rElec   .          Harm     .    C - +2 cloak
rCorr   .          Rampage  .    (no gloves)
Will    .....                    (no boots)
Stlth   +                        f - amulet of guardian spirit
HPRegen 0.32/turn                k - ring of the Lich-sworn {rC- EV+5 Str+2 Int+2 Dex+2 Stlth-}
MPRegen 0.14/turn                s - ring of protection from fire

@: no status effects
A: reduced essence, claws 1, yellow scales 2, condensation shield
a: Renounce Religion, Recall Ancestor, Ancestor Identity


You were on level 9 of the Dungeon.
You worshipped Hepliaklqana.
Hepliaklqana was aware of your devotion.
You visited 2 branches of the dungeon, and saw 10 of its levels.
You visited the Abyss 1 time.
You also visited: Bailey.

You collected 676 gold pieces.

Inventory:

Hand Weapons
 a - a +0 heavy morningstar (weapon)
 b - a +1 heavy trident
Missiles
 w - 5 curare-tipped darts (quivered)
 x - a silver boomerang
 H - 3 throwing nets
 L - 15 poisoned darts
Armour
 z - a scarf of resistance
 C - a +2 cloak (worn)
 I - a +3 ring mail (worn)
 J - a +2 buckler (worn)
 M - a +1 hat (worn)
 P - a +0 scale mail of poison resistance
Jewellery
 f - an amulet of guardian spirit (around neck)
 k - the ring of the Lich-sworn (left claw) {rC- EV+5 Str+2 Int+2 Dex+2 Stlth-}
   (You found it on level 3 of the Dungeon)

   [ring of evasion]

   EV:        It affects your evasion (+5).
   Str:       It affects your strength (+2).
   Int:       It affects your intelligence (+2).
   Dex:       It affects your dexterity (+2).
   rC:        It makes you vulnerable to cold.
   Stlth:     It makes you less stealthy.
 s - a ring of protection from fire (right claw)
 F - the ring "Muuj" {rC- rN+ Int+6 Slay+2}
   (You found it on level 5 of the Dungeon)

   [ring of intelligence]

   Int:       It affects your intelligence (+6).
   Slay:      It affects your accuracy & damage with ranged weapons and melee
   (+2).
   rC:        It makes you vulnerable to cold.
   rN:        It protects you from negative energy.
 G - a ring of positive energy
 N - a ring of positive energy
 O - an amulet of regeneration
 R - a ring of resist corrosion
Wands
 g - a wand of digging (2)
 j - a wand of roots (7)
 D - a wand of mindburst (6)
Scrolls
 c - 2 scrolls of teleportation {unknown}
 d - a scroll of torment {unknown}
 h - a scroll of amnesia {unknown}
 l - a scroll of noise {unknown}
 m - a scroll of fear
 n - 2 scrolls of enchant armour {unknown}
 r - 7 scrolls of identify {unknown}
 t - 2 scrolls of immolation {unknown}
 v - 4 scrolls of vulnerability {unknown}
 y - a scroll of enchant weapon {unknown}
 A - a scroll of blinking {unknown}
Potions
 i - 2 potions of lignification
 o - 2 potions of degeneration {unknown}
 p - a potion of resistance {unknown}
 q - 2 potions of attraction
 u - a potion of flight
 B - a potion of ambrosia {unknown}
 E - a potion of brilliance
 K - a potion of mutation {unknown}
Miscellaneous
 e - a condenser vane
 Q - a phantom mirror


   Skills:
 + Level 7.6 Fighting
 * Level 7.4 Axes
 + Level 5.8 Throwing
 + Level 6.3 Armour
 + Level 6.7 Dodging
 - Level 5.0 Stealth
 + Level 3.3 Shields
 + Level 4.8 Invocations
 + Level 7.0 Evocations


You had 10 spell levels left.
You didn't know any spells.
Your spell library contained the following spells:

 Spells                   Type           Power      Damage    Failure   Level
 Ignite Poison            Fire/Tmut/Pois 0%         N/A       88%         3
 Mephitic Cloud           Conj/Pois/Air  0%         N/A       88%         3
 Simulacrum               Ice/Necr       0%         N/A       100%        6


Dungeon Overview and Level Annotations

Branches:
Dungeon (9/15)             Temple (1/1) D:7            Lair (0/5) D:8
 Bailey (visited)
    Orc: D:9-12

Altars:
Ashenzari
Cheibriados
Dithmenos
Hepliaklqana
Ru
Trog
Vehumet
Wu Jian
Yredelemnul

Shops:
D:3 =


Innate Abilities, Weirdness & Mutations

Your life essence is reduced to manifest your ancestor. (-10% HP)
You have sharp fingernails.
You are mostly covered in yellow scales. (AC +3)
A meltable shield of frost defends you. (SH +4)


Message History

Something kicks you but does no damage.
The death knight mumbles some strange prayers to Yredelemnul against you.
You block something's attack. Something kicks you but does no damage.
You puncture something!
The death knight's dark mirror aura disappears.
Something hits you but does no damage. Something barely misses you.
Something hits you but does no damage. Something kicks you but does no damage.
The death knight mumbles some strange prayers to Yredelemnul against you.
Something is bathed in an unholy light!
Something hits you but does no damage. Something kicks you but does no damage.
You puncture something!
Reactivating autopickup.
You feel a bit more experienced. You block the death knight's attack.
You bludgeon the death knight!!
The death knight is moderately wounded.
The death knight hits you with a +0 battleaxe!!
You block the death knight's attack.
You sock the death knight!
The death knight is heavily wounded.
The death knight completely misses you. x2
You hit the death knight.
The death knight is moderately wounded.
The death knight hits you with a +0 battleaxe!
The death knight invokes the aid of Yredelemnul against you.
Your body is wracked with pain!
You hit the death knight but do no damage.
The death knight is moderately wounded.
You block the death knight's attack.
The death knight hits you with a +0 battleaxe!
* * * LOW HITPOINT WARNING * * *
You barely miss the death knight.
The death knight is moderately wounded.
The death knight hits you with a +0 battleaxe!
* * * LOW HITPOINT WARNING * * *
The death knight misses you.
You closely miss the death knight.
The death knight is moderately wounded.
You block the death knight's attack.
The death knight hits you with a +0 battleaxe!!
You die...

## .## ... ###.### #
##.....# .##
##..#.#..# ..#
####@#######.##.# #
##.#p##)}=.)##.#.# #
...##..#....[......#.#
#
.⌠.....).............#
#
...##(.#.#..(#...#.#.#
# ##.#.##.###.##.#.# #
####.###.###.##.# #
#.#...#.##..# #
#.....##..## #


You could see a death knight.

Vanquished Creatures
  Gastronok (D:9)
  A catoblepas (D:9)
  A centaur warrior (D:9)
  A wizard (D:9)
  Pikel (D:5)
  Maurice (D:8)
  Prince Ribbit (D:5)
  2 hornets
  A wraith (D:9)
  6 yaks (D:9)
  A wyvern (D:8)
  An acid dragon (D:9)
  Edmund (D:5)
  3 orc warriors
  A black bear (D:4)
  3 ice beasts
  7 wolves (Bailey)
  A centaur (D:9)
  A lemure (D:4)
  5 kobold brigands
  A phantom (D:7)
  8 gnoll sergeants
  A necrophage (D:3)
  2 scorpions
  4 bullfrogs
  6 killer bees (D:9)
  The ghost of drugrobin the Sneak, a weakling DgDe (D:5)
  A howler monkey (D:6)
  5 hounds
  2 jellies
  6 orc priests
  9 gnoll boudas
  3 iguanas
  5 orc wizards
  9 adders
  23 gnolls
  A shadow imp (D:5)
  A white imp (D:5)
  3 ufetubi
  25 orcs
  3 endoplasms
  3 giant cockroaches
  6 goblins
  5 hobgoblins
  9 jackals
  21 kobolds
  3 quokkas
  9 ball pythons
  3 bats
  10 frilled lizards
  2 goblin skeletons (D:5)
  2 hobgoblin zombies (D:5)
  An orc skeleton (D:5)
  3 orc zombies (D:5)
  9 rats
245 creatures vanquished.

Vanquished Creatures (collateral kills)
  2 two-headed ogres (D:9)
  A boulder beetle (D:8)
  An orc warrior (D:9)
  A bullfrog (D:8)
  2 killer bees (D:9)
  4 kobolds (D:9)
11 creatures vanquished.

Vanquished Creatures (others)
  6 ancestors (D:9)
  6 plants (D:3)
12 creatures vanquished.

Grand Total: 268 creatures vanquished

Notes
Turn   | Place    | Note
-------+----------+-------------------------------------------
     0 | D:5      | flotson the Demonspawn Delver began the quest for the Orb.
     0 | D:5      | Reached XP level 1. HP: 18/18 MP: 1/1
     6 | D:5      | Noticed a jelly
   111 | D:4      | Found a sacrificial altar of Ru.
   215 | D:3      | Identified the ring of the Lich-sworn {rC- EV+5 Str+2 Int+2
                  | Dex+2 Stlth-}
   271 | D:2      | Gained mutation: You are partially covered in yellow
                  | scales. (AC +2) [demonic ancestry]
   271 | D:2      | Reached XP level 2. HP: 24/24 MP: 2/2
   318 | D:2      | Reached skill level 1 in Armour
   318 | D:2      | Reached XP level 3. HP: 29/29 MP: 3/3
   451 | D:1      | Reached skill level 1 in Evocations
   955 | D:2      | Gained mutation: You are mostly covered in yellow scales.
                  | (AC +3) [demonic ancestry]
   955 | D:2      | Reached XP level 4. HP: 29/35 MP: 4/4
  1702 | D:3      | Found Mibitoteci's Jewellery Shoppe.
  1792 | D:3      | Gained mutation: You have sharp fingernails. [demonic
                  | ancestry]
  1792 | D:3      | Reached XP level 5. HP: 41/41 MP: 5/5
  1809 | D:3      | Reached skill level 5 in Stealth
  1960 | D:3      | Identified the +4 dagger "Udoiruho" {heavy, rElec Int+2}
  2226 | D:4      | Reached XP level 6. HP: 25/48 MP: 6/6
  2401 | D:4      | Reached skill level 1 in Throwing
  2526 | D:4      | Reached XP level 7. HP: 37/54 MP: 7/7
  3144 | D:5      | Noticed Edmund
  3146 | D:5      | Noticed Prince Ribbit
  3355 | D:5      | Killed Prince Ribbit
  3473 | D:5      | Killed Edmund
  3696 | D:5      | Reached XP level 8. HP: 61/61 MP: 8/8
  3751 | D:5      | Identified the ring "Muuj" {rC- rN+ Int+6 Slay+2}
  3919 | D:5      | Found a runed translucent gate.
  3920 | D:5      | Found a runed translucent gate.
  3920 | D:5      | Noticed drugrobin's ghost (weakling DgDe)
  3921 | D:5      | Found a runed translucent gate.
  3922 | D:5      | Identified the +5 short sword of Noylukh {flame, rN+ Str-4
                  | Int+5}
  3954 | D:5      | Noticed Pikel
  4067 | D:5      | Killed Pikel
  4068 | D:5      | Reached skill level 5 in Fighting
  4264 | D:5      | Killed drugrobin's ghost
  5353 | D:7      | Gained mutation: A meltable shield of frost defends you.
                  | (SH +4) [demonic ancestry]
  5353 | D:7      | Reached XP level 9. HP: 68/68 MP: 9/9
  5355 | D:7      | Found a flagged portal.
  5377 | Bailey   | Entered a bailey
  5951 | Bailey   | Reached skill level 5 in Axes
  5951 | Bailey   | Reached skill level 5 in Dodging
  5951 | Bailey   | Reached skill level 5 in Evocations
  6586 | Bailey   | Reached skill level 5 in Armour
  7271 | D:7      | Found a staircase to the Ecumenical Temple.
  7280 | Temple   | Entered the Ecumenical Temple
  7287 | Temple   | Became a worshipper of Hepliaklqana the Forgotten
  7786 | D:8      | Noticed Maurice
  7840 | D:8      | Killed Maurice
  7841 | D:8      | Reached XP level 10. HP: 42/77 MP: 5/10
  8009 | D:8      | Reached skill level 1 in Invocations
  8167 | D:8      | Found a staircase to the Lair.
  8274 | D:8      | Paralysed by a hornet for 3 turns
  8277 | D:8      | Paralysed by a hornet for 3 turns
  8295 | D:8      | Reached skill level 1 in Shields
  9111 | D:9      | Reached * piety under Hepliaklqana
  9211 | D:9      | Noticed Gastronok
  9226 | D:9      | Killed Gastronok
  9227 | D:9      | Reached skill level 5 in Throwing
  9636 | D:9      | Noticed a catoblepas
  9636 | D:9      | Noticed a cyclops
  9636 | D:9      | Noticed a two-headed ogre
  9636 | D:9      | Noticed a centaur warrior
  9636 | D:9      | Noticed a boulder beetle
  9637 | D:9      | Noticed a manticore
  9689 | D:8      | Killed a boulder beetle
  9690 | D:8      | Reached XP level 11. HP: 57/75 MP: 10/13
  9781 | D:9      | Killed a catoblepas
  9841 | D:9      | Killed a two-headed ogre
  9965 | D:9      | Noticed a wizard
  9971 | Abyss:2  | Cast into level 2 of the Abyss (a wizard)
  9998 | D:9      | Escaped the Abyss
 10016 | D:9      | Killed a wizard
 10067 | D:9      | Got Idoutsae's Omnibus of Despair and Vitiation
 10077 | D:9      | Noticed a two-headed ogre
 10080 | D:9      | Noticed a centaur warrior
 10086 | D:9      | Killed a two-headed ogre
 10096 | D:9      | Identified the +0 plate armour "Qaoziss" {+Blink Int+4}
 10096 | D:9      | Noticed a death knight
 10099 | D:9      | Killed a centaur warrior
 10105 | D:9      | Demolished by a death knight

Illustrated notes

Levels and vault maps discovered:
D:1:      dpeg_arrival_connections, layout_basic
D:2:      layout_basic, dk_vineyard_2, grunt_ministairs_15,
          kennysheep_generic_room_7
D:3:      layout_rooms, serial_shops, nicolae_square_shop,
          chequers_serial_rivers_large_b, roderic_nine_men_s_morris,
          dk_noncrumbling_4, amethyst_killhole, minmay_lizard_king
D:4:      layout_loops_corners, nicolae_ru_awakened_eye
D:5:      layout_basic, nicolae_tso_besieged_by_evil,
          nicolae_ossuary_entry_plus, biasface_ghost_orc_armoury,
          minmay_misc_feat_roman, nicolae_elevator_lobby_asterisk,
          uniq_prince_ribbit1, uniq_edmund, uniq_pikel
D:6:      layout_gridville
D:7:      layout_basic, lemuel_round_altar, minmay_temple_entry_nine_rooms,
          enter_bailey_6
D:8:      layout_basic, lair_entry_dummy, uniq_maurice
D:9:      minmay_the_grid_octo_2x2 [minmay_the_grid_octo_clover_2,
          minmay_the_grid_octo_concentric, minmay_the_grid_octo_pinwheel,
          minmay_the_grid_octo_prize_ultimate_mussel_roller], layout_basic,
          minmay_misc_feat_x, minmay_unpleasant_kobolds, uniq_gastronok
Temple:   eino_temple_rhombus

Skill      XL: |  1  2  3  4  5  6  7  8  9 10 11 |
---------------+----------------------------------+-----
Axes           | 2 3 4 5 6 7 |  7.4
Dodging        | 2 3 4 5 6 |  6.7
Armour         | 1 2 3 4 5 6 |  6.3
Evocations     | 1 2 3 4 5 6 7 |  7.0
Stealth        | 5 |  5.0
Fighting       | 4 5 6 7 |  7.6
Throwing       | 1 2 3 4 5 |  5.8
Invocations    | 3 4 |  4.8
Shields        | 2 3 |  3.3

Action                     |  1- 3 |  4- 6 |  7- 9 | 10-12 || total
---------------------------+-------+-------+-------+-------++-------
  Melee: Scimitar          |     7 |       |       |       ||     7
         War axe           |   101 |    72 |       |       ||   173
         Morningstar       |       |    73 |   331 |   257 ||   661
         Punch             |       |     1 |     1 |       ||     2
         Halberd           |       |       |    21 |       ||    21
  Throw: Boomerang         |       |       |     7 |       ||     7
         Dart              |       |       |    16 |    22 ||    38
 Invoke: Recall Ancestor   |       |       |       |     1 ||     1
    Use: Scroll            |       |       |     6 |       ||     6
         Potion            |       |       |    10 |     2 ||    12
   Stab: Sleeping          |     1 |       |     1 |       ||     2
         Distracted        |       |       |       |     2 ||     2
 Armour: Leather armour    |     4 |       |       |       ||     4
         Scale mail        |    41 |   106 |   110 |       ||   257
         Ring mail         |       |       |   147 |   184 ||   331
         Skin              |       |       |       |     9 ||     9
  Dodge: Dodged            |   115 |   263 |   719 |   425 ||  1522
  Block: Other             |       |       |    93 |       ||    93
         Buckler           |       |       |     6 |   300 ||   306

Table legend: (Time is in decaauts)
 A = Elapsed time spent in this place.
 B = Non-inter-level travel time spent in this place.
 C = Inter-level travel time spent in this place.
 D = Time resting spent in this place.
 E = Time spent auto-exploring this place.
 F = Levels seen in this place.
 G = Mean time per level.
                   A        B        C        D        E       F      G
               +--------+--------+--------+--------+--------+-----+--------+
         Total |  10848 |  10432 |    416 |   1311 |   6169 |  12 |  904.0 |
       Dungeon |   9311 |   8904 |    407 |    747 |   5793 |   9 | 1034.6 |
        Temple |     19 |     10 |      9 |      0 |      3 |   1 |   19.0 |
         Abyss |     27 |     27 |      0 |      0 |      0 |   1 |   27.0 |
        Bailey |   1490 |   1490 |      0 |    564 |    372 |   1 | 1490.0 |
               +--------+--------+--------+--------+--------+-----+--------+

Top non-repeatable levels by time:
     D:8: 1538 daAuts
  Bailey: 1490 daAuts
     D:4: 1445 daAuts
     D:5: 1408 daAuts
     D:9: 1050 daAuts
     D:6: 956 daAuts
     D:7: 909 daAuts
     D:3: 781 daAuts
     D:2: 698 daAuts
     D:1: 522 daAuts
 Abyss:2: 27 daAuts
  Temple: 19 daAuts
